 Dungeon Crawl Stone Soup version 0.21-a0-401-g0b6bec4 (webtiles) character file.

130 lauthentik the Insei (level 4, -4/35 HPs)
             Began as a Draconian Transmuter on Oct 25, 2017.
             Killed by divine providence
             ... invoked by an orc priest
              (13 damage)
             ... on level 3 of the Dungeon.
             The game lasted 00:06:29 (1991 turns).

lauthentik the Insei (Draconian Transmuter)         Turns: 1991, Time: 00:06:30

Health: -4/35      AC:  7    Str: 12    XL:     4   Next: 90%
Magic:  6/8        EV: 12    Int: 14    God:
Gold:   97         SH:  0    Dex: 12    Spells: 5/8 levels left

rFire    + . .     SeeInvis .     - Unarmed
rCold    . . .     Gourm    .   (no shield)
rNeg     . . .     Faith    .   (armour unavailable)
rPois    .         Spirit   .   (helmet restricted)
rElec    .         Reflect  .   (no cloak)
rCorr    .         Harm     .   t - +0 pair of gloves
MR       .....                  n - +0 pair of boots
Stlth    +.........             (no amulet)
HPRegen  0.11/turn              v - ring of protection from fire
MPRegen  0.11/turn              (no ring)

@: appendage (expiring), very slightly contaminated, slowed, very slow
A: unfitting armour, horns 2, cold-blooded, AC +5
a: End Transformation


You were on level 3 of the Dungeon.
You were not hungry.
You had grown temporary horns.
You visited 1 branch of the dungeon, and saw 3 of its levels.

You collected 97 gold pieces.

Inventory:

Missiles
 a - 49 arrows
 d - 2 throwing nets (quivered)
 r - 7 javelins
Armour
 n - a +0 pair of boots (worn)
 t - a +0 pair of gloves (worn)
Jewellery
 v - a ring of protection from fire (left hand)
Scrolls
 e - a scroll of immolation {unknown}
 f - 4 scrolls of teleportation {unknown}
 g - 2 scrolls of identify {unknown}
 k - a scroll of recharging {unknown}
 o - a scroll of enchant armour {unknown}
 s - 2 scrolls of fear {unknown}
 u - a scroll of enchant weapon {unknown}
Potions
 h - a potion of invisibility {unknown}
 i - a potion of cancellation {unknown}
 j - 3 potions of might {unknown}
 l - 2 potions of heal wounds {unknown}
 q - a potion of agility {unknown}
 w - a potion of haste {unknown}
Books
 b - a book of Changes

   Spells                             Type                      Level
   a - Beastly Appendage              Transmutation                1
   b - Sticks to Snakes               Transmutation                2
   c - Spider Form                    Transmutation/Poison         3
   d - Ice Form                       Ice/Transmutation            4
   e - Blade Hands                    Transmutation                5
Comestibles
 c - 6 bread rations
 m - 2 meat rations
 p - 4 chunks of flesh


   Skills:
 + Level 1.5 Fighting
 + Level 2.3 Dodging
 + Level 4.4 Unarmed Combat
 + Level 2.8 Spellcasting
 + Level 2.4 Transmutations


You had 5 spell levels left.
You knew the following spells:

 Your Spells              Type           Power        Failure   Level  Hunger
a - Beastly Appendage     Tmut           #.....       9%          1    #......
b - Sticks to Snakes      Tmut           #.......     12%         2    ###....


Dungeon Overview and Level Annotations

Branches:
Dungeon (3/15)

Altars:


Innate Abilities, Weirdness & Mutations

Your plain brown scales are hard. (AC +5)
You cannot fit into any form of body armour.
You are cold-blooded and may be slowed by cold attacks.
You have a pair of horns on your head.


Message History

* * * LOW HITPOINT WARNING * * *
You are too injured to fight recklessly!
You are too injured to fight recklessly!
You are too injured to fight recklessly!
You are too injured to fight recklessly!
Casting: Beastly Appendage
Confirm with . or Enter, or press ? or * to list all spells.
You miscast Sticks to Snakes.
You are very lightly contaminated with residual magic.
The air around you crackles with energy!
The orc wizard mumbles some strange words.
The orc wizard blinks!
The orc wizard casts a spell at you.
You feel yourself slow down. The orc hits you with a dagger.
* * * LOW HITPOINT WARNING * * *
Your transformation is almost over.
The orc priest invokes the aid of Beogh against you.
Beogh smites you!
You die...

#####.........##.###.###
#.............##.#......
#.............##.#......
#................#......
#........o.......#......
#......o.##......#......
#........# ......#......
#......o.# ......#......
#......@.+ ......#......
#........# #######......
#........# #........#
######'########......###
#..................# #
#..................#
#..................#
#............#########
##....%...............#


You could see an orc priest, an orc wizard and an orc.

Vanquished Creatures
  A bullfrog skeleton (D:3)
  A hound zombie (D:3)
  2 adders (D:3)
  2 oozes
  A worm (D:3)
  A leopard gecko (D:3)
  4 giant cockroaches
  4 goblins
  7 hobgoblins
  6 jackals
  A ball python (D:2)
  8 bats
  2 frilled lizards
  10 kobolds
  4 rats (D:2)
54 creatures vanquished.

Vanquished Creatures (collateral kills)
  A leopard gecko (D:3)
1 creature vanquished.

Grand Total: 55 creatures vanquished

Notes
Turn   | Place    | Note
-------+----------+-------------------------------------------
     0 | D:1      | lauthentik the Draconian Transmuter began the quest for the Orb.
     0 | D:1      | Reached XP level 1. HP: 16/16 MP: 3/3
   225 | D:1      | Reached XP level 2. HP: 20/23 MP: 5/5
   390 | D:1      | Learned a level 2 spell: Sticks to Snakes
   824 | D:2      | Found a faded altar of an unknown god.
   844 | D:2      | Reached XP level 3. HP: 4/28 MP: 4/6
  1687 | D:3      | Reached skill level 4 in Unarmed Combat
  1687 | D:3      | Reached XP level 4. HP: 35/35 MP: 7/7
  1991 | D:3      | Killed from afar by an orc priest

Vault maps used:
D:1:      minmay_arrival_stair_chambers
D:2:      chequers_ecumenical_altar_simple_redux

Skill      XL: |  1  2  3 |
---------------+----------+-----
Dodging        | 2 |  2.3
Unarmed Combat | 4 |  4.4
Fighting       | |  1.5
Spellcasting   | |  2.8
Transmutations | |  2.4

Action                   |  1- 3 |  4- 6 || total
-------------------------+-------+-------++-------
Melee: Unarmed           |   133 |    60 ||   193
       Tailslap          |    15 |    10 ||    25
       Headbutt          |    10 |     4 ||    14
       Kick              |     3 |       ||     3
       Punch             |     1 |       ||     1
 Cast: Beastly Appendage |    17 |     5 ||    22
       Sticks to Snakes  |     3 |       ||     3
  Use: Scroll            |     1 |       ||     1
  Eat: Chunk             |     3 |     1 ||     4
Armor: Skin              |    45 |    30 ||    75
Dodge: Dodged            |   114 |    45 ||   159

Table legend:
 A = Spawn XP
 B = Non-spawn XP
 C = Spawn XP percentage of total XP
 D = Spawn monster count
 E = Non-spawn monster count
 F = Spawn count percentage of total count
 G = Total turns spent on level
                    A         B        C        D         E        F      G
               +---------+---------+-------+---------+---------+-------+---------
         Total |       0 |     187 |   0.0 |       0 |      55 |   0.0 |  1991
               +---------+---------+-------+---------+---------+-------+---------
           D:1 |       0 |      24 |   0.0 |       0 |      14 |   0.0 |   644
           D:2 |       0 |      31 |   0.0 |       0 |      17 |   0.0 |   771
           D:3 |       0 |     132 |   0.0 |       0 |      24 |   0.0 |   576
               +---------+---------+-------+---------+---------+-------+---------
